 Dungeon Crawl Stone Soup version 0.32-a0-12-g7fc57aa741 (webtiles) character file.

Game seed: 8466844282718671555

786 Xavori the Trooper (level 8, -3/58 HPs)
             Began as a Djinni Chaos Knight on Jan 15, 2024.
             Was a Plaything of Xom.
             Slain by a black bear (5 damage)
             ... on level 5 of the Dungeon.
             The game lasted 00:06:19 (18102 turns).

Xavori the Trooper (Djinni Chaos Knight)           Turns: 18102, Time: 00:06:19

Health: -3/58      AC:  7    Str: 11    XL:     8   Next: 11%
Gold:   124        EV: 12    Int: 14    God:    Xom [......] SH:  0 Dex: 13

rFire   + + .        a - +0 falchion (chaos)
rCold   . . .        (no shield)
rNeg    . . .        b - +2 leather armour
rPois   ∞            (helmet unavailable)
rElec   .            j - +1 cloak {Stlth+}
rCorr   .            (no gloves)
SInv    .            (boots unavailable)
Will    .....        y - amulet of faith
Stlth   ++++         n - ring of protection from cold
HPRegen 0.29/turn    r - ring of Shadows {Umbra +Inv Stlth+}
MPRegen 0.00/turn

%: faith, infuse magic (-4 HP)
@: flying, wreathed by umbra, unable to read
A: sickness immunity, fire resistance 2, cold vulnerability 1, float, innate
caster, HP casting, extra vitality 1, horns 3, teleportitis 1, weak 1, inability
to read after injury 1, MP-powered wands
a: Renounce Religion, Evoke Invisibility


You were on level 5 of the Dungeon.
You worshipped Xom.
You were a very special plaything of Xom.
You visited 1 branch of the dungeon, and saw 5 of its levels.

You collected 124 gold pieces.

Inventory:

Hand Weapons
 a - a +0 falchion of chaos (weapon)
 t - a +0 spear
Armour
 b - a +2 leather armour (worn)
 f - a +0 helmet
 j - a +1 cloak of stealth (worn)
Jewellery
 n - a ring of protection from cold (left hand)
 r - the ring of Shadows (right hand) {Umbra +Inv Stlth+}
   (You found it on level 3 of the Dungeon)

   [ring of stealth]

   Umbra:     It surrounds you with an aura of shadow, increasing your stealth
   and reducing the accuracy of all others within it.
   +Inv:      It lets you turn invisible.
   Stlth+:    It makes you more stealthy.
 s - a ring of willpower
 y - an amulet of faith (around neck)
Wands
 i - a wand of charming (4)
Scrolls
 c - a scroll of butterflies
 d - a scroll of identify
 g - 3 scrolls of fear
 k - a scroll of torment
 m - a scroll of amnesia
 p - 3 scrolls of immolation
 q - a scroll of fog
 w - 2 scrolls of enchant armour
 x - a scroll of revelation
Potions
 h - a potion of curing {unknown}
 l - a potion of enlightenment {unknown}
 o - a potion of degeneration {unknown}
 A - a potion of might {unknown}


   Skills:
 + Level 4.2 Fighting
 + Level 3.9 Long Blades
 * Level 2.7 Polearms
 + Level 3.1 Armour
 + Level 4.0 Dodging
 * Level 3.1 Spellcasting
 * Level 3.1 Conjurations
 * Level 3.1 Hexes
   Level 0.0 Charms
 * Level 3.1 Summonings
 * Level 3.1 Necromancy
 * Level 3.1 Translocations
   Level 0.0 Transmutations
 * Level 3.1 Fire Magic
 * Level 3.1 Ice Magic
 * Level 3.1 Air Magic
 * Level 3.1 Earth Magic
 * Level 3.1 Alchemy


You knew the following spells:

 Your Spells              Type           Power      Damage    Failure   Level
a - Sting                 Conj/Alch      40%        1d5       8%          1
b - Jinxbite              Hex            20%        N/A       12%         2
c - Blink                 Tloc           20%        N/A       12%         2
Your spell library was empty.

Dungeon Overview and Level Annotations

Branches:
Dungeon (5/15)
 Temple: D:4-7

Altars:
Ashenzari
Cheibriados
Elyvilon
Gozag
Hepliaklqana
Ru
Xom
Zin
The Shining One

Shops:
D:1 (   D:2 !   D:3 [


Innate Abilities, Weirdness & Mutations

You are immune to sickness and miasma.
You are immune to poison.
Your flesh is very heat resistant. (rF++)
You are vulnerable to cold. (rC-)
You float through the air rather than walking.
You learn spells naturally, not from books.
Your magical power is your life essence.
You have superior vitality. (+4 MHP)
You have a pair of large horns on your head.
You are occasionally teleported next to monsters.
You are weak. (Str -2)
You occasionally lose the ability to read scrolls when taking damage.
You expend health (3 HP) to strengthen your wands.


Message History

The black bear claws you but does no damage.
The black bear barely misses you.
Unknown command.
You hit the black bear.
The black bear appears confused.
Your headbutt misses the black bear.
The black bear is severely wounded.
The black bear bites you. The black bear closely misses you.
The black bear barely misses you. The black bear bites you!
The black bear closely misses you. The black bear claws you.
* * * LOW HITPOINT WARNING * * *
You catch the helpless black bear completely off-guard!
You hit the black bear. You headbutt the black bear.
The black bear is almost dead.
The black bear seems less confused.
The black bear closely misses you.
The black bear claws you but does no damage.
The black bear claws you.
* * * LOW HITPOINT WARNING * * *
The black bear bites you but does no damage.
The black bear barely misses you. The black bear claws you.
* * * LOW HITPOINT WARNING * * *
You hit the black bear but do no damage.
The black bear is almost dead.
The black bear closely misses you. The black bear misses you.
The black bear claws you.
* * * LOW HITPOINT WARNING * * *
Unknown command.
You hit the black bear but do no damage.
You drain the black bear.
The black bear is almost dead.
The black bear closely misses you. The black bear claws you.
* * * LOW HITPOINT WARNING * * *
The black bear misses you. x2; The black bear claws you.
* * * LOW HITPOINT WARNING * * *
The black bear claws you but does no damage.
Unknown command.
Okay, then.
You hit the black bear but do no damage.
The black bear is almost dead.
The black bear bites you.
You die...

.........#..# #..#
........##.## ##.##
........#...### +..#
........#'#...####.##
........#.###...#..#
.......##...###...##
#..#...###.#
#.####...### #..
#+#.@h# #.# ##.## ^.
..# #.# #.## .. ..
#.# .. ..#


You could see a black bear (berserk, strong, resistant, drained).

Vanquished Creatures
  A water moccasin (D:5)
  A scorpion (D:4)
  A bombardier beetle (D:5)
  A jelly (D:5)
  An orc priest (D:4)
  3 hounds
  Crazy Yiuf (D:4)
  An iguana (D:5)
  Natasha (thrice) (D:4)
  Robin (D:4)
  3 gnolls (D:4)
  5 adders
  4 dart slugs
  3 ribbon worms
  7 orcs
  10 ball pythons
  3 endoplasms
  A giant cockroach (D:1)
  10 goblins
  10 hobgoblins
  5 jackals
  3 quokkas
  3 bats (D:1)
  4 frilled lizards
  6 kobolds
  6 rats
97 creatures vanquished.

Vanquished Creatures (collateral kills)
  Edmund (D:4)
  A gnoll (D:4)
  A jackal (D:1)
3 creatures vanquished.

Grand Total: 100 creatures vanquished

Notes
Turn   | Place    | Note
-------+----------+-------------------------------------------
     0 | D:1      | Xavori the Djinni Chaos Knight began the quest for the Orb.
     0 | D:1      | Reached XP level 1. HP: 20/20 MP: 0/0
   212 | D:1      | XOM: smoke on damage
   213 | D:1      | XOM: cast spell 'Summon Ice Beast'
   225 | D:1      | Reached XP level 2. HP: 14/25 MP: 0/0
   342 | D:1      | Found Noyt Qewk's Antique Weapon Boutique.
   353 | D:1      | XOM: silly message
   585 | D:1      | Reached XP level 3. HP: 30/30 MP: 0/0
   585 | D:1      | Learned a level 1 spell: Sting
   654 | D:1      | XOM: silly message
   974 | D:2      | XOM: stealth player
   983 | D:2      | Reached skill level 1 in Spellcasting
   983 | D:2      | Reached skill level 1 in Conjurations
   983 | D:2      | Reached skill level 1 in Hexes
   983 | D:2      | Reached skill level 1 in Summonings
   983 | D:2      | Reached skill level 1 in Necromancy
   983 | D:2      | Reached skill level 1 in Translocations
   983 | D:2      | Reached skill level 1 in Fire Magic
   983 | D:2      | Reached skill level 1 in Ice Magic
   983 | D:2      | Reached skill level 1 in Air Magic
   983 | D:2      | Reached skill level 1 in Earth Magic
   983 | D:2      | Reached skill level 1 in Alchemy
  1379 | D:1      | XOM: give mutation
  1545 | D:1      | XOM: noise
  1568 | D:1      | XOM: god gift: scroll labelled TAOGRATASA {god gift}
  1693 | D:1      | XOM: stat loss: -1 Int (12/13)
  2258 | D:1      | XOM: noise
  2458 | D:1      | XOM: stat loss: -1 Int (11/13)
  2817 | D:1      | XOM: god gift: wand of charming (5)
  3858 | D:1      | XOM: god gift: plate armour {god gift}
  3898 | D:1      | XOM: give mutations
  3898 | D:1      | Gained mutation: You possess an exceptional clarity of
                  | mind. [Xom's mischief]
  3898 | D:1      | Lost mutation: You possess an exceptional clarity of mind.
                  | [Xom's mischief]
  3954 | D:1      | XOM: give mutations
  3954 | D:1      | Gained mutation: You have a pair of small horns on your
                  | head. [Xom's mischief]
  3954 | D:1      | Gained mutation: You possess an exceptional clarity of
                  | mind. [Xom's mischief]
  4583 | D:1      | XOM: cloud trail
  5429 | D:1      | XOM: cloud trail
  5464 | D:1      | XOM: scenery: create altars
  5865 | D:1      | XOM: noise
  6054 | D:1      | XOM: give mutations
  6054 | D:1      | Gained mutation: Your spells are a little easier to cast,
                  | but a little less powerful. [Xom's mischief]
  6054 | D:1      | Lost mutation: You possess an exceptional clarity of mind.
                  | [Xom's mischief]
  6054 | D:1      | Gained mutation: Your spells are easier to cast, but less
                  | powerful. [Xom's mischief]
  6142 | D:1      | XOM is BORED!
  6248 | D:1      | XOM: god gift: clear potion {god gift}
  6466 | D:1      | XOM: scenery: summon butterflies
  7927 | D:1      | XOM: cloud trail
  8288 | D:1      | XOM: give mutations
  8288 | D:1      | Gained mutation: Your movements are slightly less
                  | encumbered by armour. (ER -2) [Xom's grace]
  8288 | D:1      | Gained mutation: You are partially covered in iridescent
                  | scales. (AC +2) [Xom's grace]
  8288 | D:1      | Gained mutation: You possess an exceptional clarity of
                  | mind. [Xom's grace]
  8288 | D:1      | Gained mutation: You are agile. (Dex +4, Str/Int -1) [Xom's
                  | grace]
  9342 | D:1      | XOM: give mutations
  9342 | D:1      | Lost mutation: Your spells are easier to cast, but less
                  | powerful. [Xom's grace]
  9342 | D:1      | Gained mutation: You have hidden genetic potential. [Xom's
                  | grace]
  9750 | D:1      | XOM: scenery: summon butterflies
  9948 | D:2      | XOM: 4-stop teleportation journey
  9951 | D:2      | Found Ryuhug's Distillery.
  9963 | D:2      | Found a glowing golden altar of the Shining One.
 10135 | D:2      | Reached XP level 4. HP: 24/35 MP: 0/0
 10151 | D:2      | Gained mutation: You have great hidden genetic potential.
                  | [hidden potential]
 10560 | D:3      | Reached XP level 5. HP: 37/40 MP: 0/0
 10560 | D:3      | Learned a level 2 spell: Jinxbite
 10563 | D:3      | XOM: 1-stop teleportation journey
 10608 | D:3      | Found a faded altar of an unknown god.
 10676 | D:3      | XOM: god gift: 5 stones
 10705 | D:3      | XOM: 1-stop teleportation journey
 10742 | D:3      | Found a sacrificial altar of Ru.
 10808 | D:3      | Gained mutation: You expend health (3 HP) to strengthen
                  | your wands. [hidden potential]
 10808 | D:3      | Lost mutation: You have great hidden genetic potential.
                  | [hidden potential expressed]
 10840 | D:3      | Found Teanuim's Armour Shoppe.
 10896 | D:3      | Found the ring of Shadows {Umbra +Inv Stlth+}
 10974 | D:3      | XOM: 8-stop teleportation journey
 11271 | D:4      | XOM: cast spell 'Animate Armour'
 11374 | D:4      | XOM: 1-stop teleportation journey
 11380 | D:4      | Found a white marble altar of Elyvilon.
 11384 | D:4      | Reached skill level 1 in Polearms
 11384 | D:4      | Reached XP level 6. HP: 46/46 MP: 0/0
 11499 | D:4      | Found a hazy altar of Hepliaklqana.
 11505 | D:4      | Gained mutation: You are resistant to electric shocks.
                  | (rElec) [hidden potential]
 11574 | D:4      | XOM: draining
 11683 | D:4      | Noticed Edmund
 11729 | D:4      | XOM: summons 2 friendly demons
 11735 | D:4      | Killed Edmund
 11767 | D:4      | XOM: give mutations
 11767 | D:4      | Lost mutation: You are agile. (Dex +4, Str/Int -1) [Xom's
                  | mischief]
 11767 | D:4      | Lost mutation: You expend health (3 HP) to strengthen your
                  | wands. [Xom's mischief]
 11767 | D:4      | Lost mutation: You are partially covered in iridescent
                  | scales. (AC +2) [Xom's mischief]
 11767 | D:4      | Lost mutation: You are resistant to electric shocks.
                  | (rElec) [Xom's mischief]
 11887 | D:4      | Noticed Natasha
 11892 | D:4      | Killed Natasha
 11893 | D:4      | Reached XP level 7. HP: 51/51 MP: 0/0
 11893 | D:4      | Learned a level 2 spell: Blink
 11936 | D:4      | Found a broken altar of Ashenzari.
 11945 | D:4      | Noticed Natasha
 11950 | D:4      | Killed Natasha
 11953 | D:4      | Gained mutation: You are agile. (Dex +4, Str/Int -1)
                  | [hidden potential]
 11953 | D:4      | Lost mutation: You have hidden genetic potential. [hidden
                  | potential expressed]
 12000 | D:4      | Found a snail-covered altar of Cheibriados.
 12000 | D:4      | Found a shimmering altar of Xom.
 12000 | D:4      | Found an opulent altar of Gozag.
 12000 | D:4      | Found a glowing silver altar of Zin.
 12012 | D:4      | XOM: 2-stop teleportation journey
 12236 | D:4      | Noticed Natasha
 12247 | D:4      | Killed Natasha
 12394 | D:4      | Noticed Robin
 12415 | D:4      | Killed Robin
 12474 | D:4      | Found a runed translucent door.
 12475 | D:4      | Noticed Crazy Yiuf
 12479 | D:4      | XOM: give mutations
 12479 | D:4      | Lost mutation: Your spells are a little easier to cast, but
                  | a little less powerful. [Xom's mischief]
 12479 | D:4      | Lost mutation: You possess an exceptional clarity of mind.
                  | [Xom's mischief]
 12559 | D:4      | Lost mutation: You are agile. (Dex +4, Str/Int -1) [potion
                  | of mutation]
 12559 | D:4      | Lost mutation: Your movements are slightly less encumbered
                  | by armour. (ER -2) [potion of mutation]
 12559 | D:4      | Gained mutation: You have a pair of horns on your head.
                  | [potion of mutation]
 12559 | D:4      | Gained mutation: You have a pair of large horns on your
                  | head. [potion of mutation]
 12568 | D:4      | XOM: cloud trail
 12720 | D:4      | Killed Crazy Yiuf
 13473 | D:1      | XOM: silly message
 13976 | D:1      | XOM: give mutations
 13976 | D:1      | Gained mutation: You are agile. (Dex +4, Str/Int -1) [Xom's
                  | mischief]
 13976 | D:1      | Gained mutation: You passively map a small area around you.
                  | [Xom's mischief]
 13976 | D:1      | Gained mutation: You are weak. (Str -2) [Xom's mischief]
 13976 | D:1      | Gained mutation: You expend health (3 HP) to strengthen
                  | your wands. [Xom's mischief]
 14059 | D:1      | XOM: give mutations
 14059 | D:1      | Gained mutation: You are occasionally teleported next to
                  | monsters. [Xom's mischief]
 14059 | D:1      | Gained mutation: You are somewhat resistant to further
                  | mutation. [Xom's mischief]
 14059 | D:1      | Lost mutation: You are somewhat resistant to further
                  | mutation. [Xom's mischief]
 14059 | D:1      | Gained mutation: You have hidden genetic potential. [Xom's
                  | mischief]
 14059 | D:1      | Lost mutation: You are agile. (Dex +4, Str/Int -1) [Xom's
                  | mischief]
 14107 | D:1      | XOM: give mutations
 14107 | D:1      | Lost mutation: You passively map a small area around you.
                  | [Xom's mischief]
 14107 | D:1      | Gained mutation: You occasionally lose the ability to read
                  | scrolls when taking damage. [Xom's mischief]
 14107 | D:1      | Lost mutation: You have hidden genetic potential. [Xom's
                  | mischief]
 14130 | D:1      | XOM: summons 4 hostile shadow creatures
 14456 | D:1      | XOM: silly message
 14508 | D:1      | XOM: noise
 14679 | D:1      | XOM: stat loss: -1 Dex (12/13)
 14808 | D:1      | XOM: god gift: 5 atropa-tipped darts
 16363 | D:1      | XOM: noise
 16690 | D:1      | XOM is BORED!
 17628 | D:1      | XOM: summons 3 hostile demons
 17675 | D:5      | Entered Level 5 of the Dungeon
 17980 | D:5      | Noticed a water moccasin
 17994 | D:5      | Killed a water moccasin
 17995 | D:5      | Reached XP level 8. HP: 46/58 MP: 0/0
 18101 | D:5      | HP: 2/58 [black bear (1)]
 18102 | D:5      | Slain by a black bear

Illustrated notes

Levels and vault maps discovered:
D:1:      roderic_dead_forest, layout_loops_ring, serial_shops, shop
D:2:      layout_loops_ring, serial_shops, shop, basic_altar
D:3:      layout_basic, mainiacjoe_overflow_24_doors,
          hellmonk_ecumenical_altar_blasted, serial_shops,
          nicolae_shop_peninsula
D:4:      layout_basic, ashenzari_altar_1, mainiacjoe_overflow_paths,
          grunt_temple_overflow_cloverleaf, mainiacjoe_overflow_alcove_1,
          uniq_robin, uniq_crazy_yiuf_cottage, uniq_natasha, uniq_edmund
D:5:      minmay_skewed_foursquare, layout_cave_pods,
          kennysheep_generic_room_16, uniq_pikel

Skill      XL: |  1  2  3  4  5  6  7 |
---------------+----------------------+-----
Spellcasting   | 1 2 3 |  3.1
Conjurations   | 1 2 3 |  3.1
Hexes          | 1 2 3 |  3.1
Summonings     | 1 2 3 |  3.1
Necromancy     | 1 2 3 |  3.1
Translocations | 1 2 3 |  3.1
Fire Magic     | 1 2 3 |  3.1
Ice Magic      | 1 2 3 |  3.1
Air Magic      | 1 2 3 |  3.1
Earth Magic    | 1 2 3 |  3.1
Alchemy        | 1 2 3 |  3.1
Long Blades    | 3 |  3.9
Armour         | 2 3 |  3.1
Dodging        | 3 4 |  4.0
Polearms       | 1 2 |  2.7
Fighting       | 4 |  4.2

Action                     |  1- 3 |  4- 6 |  7- 9 || total
---------------------------+-------+-------+-------++-------
  Melee: Falchion          |   120 |    76 |   111 ||   307
         Headbutt          |     4 |    18 |    21 ||    43
         Punch             |     1 |     2 |       ||     3
   Cast: Jinxbite          |       |     1 |       ||     1
         Sting             |       |       |     1 ||     1
  Evoke: Wand              |       |       |     1 ||     1
    Use: Scroll            |       |       |    10 ||    10
         Potion            |       |       |     2 ||     2
   Stab: Sleeping          |     1 |     4 |     4 ||     9
         Confused          |     1 |       |     1 ||     2
         Distracted        |       |     1 |       ||     1
 Armour: Leather armour    |    69 |    32 |    95 ||   196
  Dodge: Dodged            |    82 |    53 |    96 ||   231

Table legend: (Time is in decaauts)
 A = Elapsed time spent in this place.
 B = Non-inter-level travel time spent in this place.
 C = Inter-level travel time spent in this place.
 D = Time resting spent in this place.
 E = Time spent auto-exploring this place.
 F = Levels seen in this place.
 G = Mean time per level.
                   A        B        C        D        E       F      G
               +--------+--------+--------+--------+--------+-----+--------+
         Total |  18148 |  17846 |    302 |  13776 |   3221 |   5 | 3629.6 |
       Dungeon |  18148 |  17846 |    302 |  13776 |   3221 |   5 | 3629.6 |
               +--------+--------+--------+--------+--------+-----+--------+

Top non-repeatable levels by time:
     D:1: 14110 daAuts
     D:4: 1646 daAuts
     D:2: 1159 daAuts
     D:3: 799 daAuts
     D:5: 432 daAuts
